 Dungeon Crawl Stone Soup version 0.28-a0-664-gc179e30c89 (webtiles) character file.

Game seed: 9762880978811423984

237 bande the Covered (level 6, -2/38 HPs)
             Began as a Gargoyle Fighter on Oct 17, 2021.
             Was an Initiate of Okawaru.
             Slain by an ogre (24 damage)
             ... on level 4 of the Dungeon.
             The game lasted 00:06:37 (3485 turns).

bande the Covered (Gargoyle Fighter)                Turns: 3485, Time: 00:06:38

Health: -2/38      AC: 16    Str: 21    XL:     6   Next: 6%
Magic:  6/6        EV:  7    Int:  8    God:    Okawaru [......]
Gold:   132        SH:  5    Dex: 10    Spells: 5/5 levels left

rFire   + . .      SeeInvis .   a - +0 war axe
rCold   . . .      Faith    .   c - +1 buckler
rNeg    + . .      Spirit   .   l - +0 chain mail
rPois   ∞          Reflect  .   n - +1 helmet
rElec   +          Harm     .   (no cloak)
rCorr   .          Rampage  .   (no gloves)
Will    +....                   (no boots)
Stlth   ..........              (no amulet)
HPRegen 0.12/turn               h - ring of willpower
MPRegen 0.10/turn               q - ring of protection from fire

@: no status effects
A: sickness immunity, AC +4, negative energy resistance 1, electricity
resistance, torment resistance 1, petrification resistance
a: Renounce Religion


You were on level 4 of the Dungeon.
You worshipped Okawaru.
Okawaru was noncommittal.
You visited 2 branches of the dungeon, and saw 5 of its levels.

You collected 132 gold pieces.

Inventory:

Hand Weapons
 a - a +0 war axe (weapon)
Armour
 c - a +1 buckler (worn)
 l - a +0 chain mail (worn)
 n - a +1 helmet (worn)
Jewellery
 h - a ring of willpower (left hand)
 q - a ring of protection from fire (right hand)
Wands
 g - a wand of flame (10)
 m - a wand of iceblast (7)
 p - a wand of mindburst (11)
Scrolls
 b - a scroll of enchant weapon {unknown}
 k - a scroll of identify
Potions
 d - 3 potions of might
 e - a potion of heal wounds {unknown}
 f - 2 potions of flight
 i - a potion of curing {unknown}
 j - a potion of degeneration {unknown}
 o - a potion of brilliance {unknown}


   Skills:
 + Level 4.1 Fighting
 + Level 3.9 Axes
 + Level 4.3 Armour
 + Level 4.1 Shields
 * Level 1.0 Evocations


You had 5 spell levels left.
You didn't know any spells.
Your spell library contained the following spells:

 Spells                   Type           Power      Damage    Failure   Level
 Foxfire                  Conj/Fire      0%         2x1d4     98%         1
 Conjure Flame            Conj/Fire      0%         6-21      100%        3
 Ignite Poison            Fire/Tmut/Pois 0%         N/A       100%        3
 Inner Flame              Hex/Fire       0%         N/A       100%        3
 Mephitic Cloud           Conj/Pois/Air  0%         N/A       100%        3
 Flame Wave               Conj/Fire      0%         3d3       100%        4
 Freezing Cloud           Conj/Ice/Air   0%         6-21      100%        5
 Orb of Destruction       Conj           0%         N/A       100%        7
 Summon Guardian Golem    Hex/Summ       Unusable   N/A       N/A         3
 Spellforged Servitor     Conj/Summ      Unusable   N/A       N/A         7

Dungeon Overview and Level Annotations

Branches:
Dungeon (4/15)             Temple (1/1) D:4

Altars:
Ashenzari
Cheibriados
Kikubaaqudgha
Makhleb
Nemelex Xobeh
Okawaru
Ru
Sif Muna
Vehumet
Wu Jian
Yredelemnul
The Shining One


Innate Abilities, Weirdness & Mutations

You are immune to sickness and miasma.
Your stone body is resilient. (AC +4)
You are immune to poison.
You resist negative energy. (rN+)
You are resistant to electric shocks. (rElec)
You are resistant to unholy torment.
You are immune to petrification.


Message History

Found a glowing golden altar of the Shining One.
Found an ancient bone altar of Kikubaaqudgha.
Found a shimmering blue altar of Sif Muna.
Found a broken altar of Ashenzari and an ornate altar of the Wu Jian Council.
Found a sparkling altar of Nemelex Xobeh.
Found a radiant altar of Vehumet.
Found an iron altar of Okawaru.
Found a sacrificial altar of Ru.
There is an iron altar of Okawaru here.
You kneel at the altar of Okawaru.
Okawaru welcomes you!
There is a staircase back to the Dungeon here.
You can't go down here!
You climb upwards.
Welcome back to the Dungeon!
There is a staircase to the Ecumenical Temple here.
You enter the shallow water.
Moving in this stuff is going to be slow.
q - a ring of protection from fire
q - a ring of protection from fire (right hand)
An ogre is nearby!
The ogre shouts!
An ogre is nearby!
Aiming: Throw Flame
Press: ? - help, Shift-Dir - straight line, f - ogre
Aim: an ogre, wielding a +0 giant spiked club (85% to hit)
The puff of flame misses the ogre.
Aiming: Mindburst
Press: ? - help, Shift-Dir - straight line, f/p - ogre
Aim: an ogre, wielding a +0 giant spiked club (chance to affect: 70%)
The ogre struggles to resist.
You hit the ogre but do no damage.
The ogre hits you with a +0 giant spiked club!
You slash the ogre!
The ogre is moderately wounded.
The ogre closely misses you.
You hit the ogre.
The ogre is heavily wounded.
The ogre hits you with a +0 giant spiked club!!
Ouch! That really hurt!
You die...

. ........
O.#......#
.........###
.........# #
.......# ..
#.....#.#
##.......##
######.O.......#
##......@..#.#.##
###..........#.#.#
#..§≈≈.......#.#.#
#.≈§§§≈..........##
#≈≈§§≈§§..........#
#≈§§§§§≈.###..##..##
#≈≈§§§§≈.#
#.....<.########
#.≈§§§≈..#
#.###........... #
#..≈≈≈...# #.#
#...........


You could see an ogre.

Vanquished Creatures
  A scorpion (D:4)
  Jessica (D:2)
  Ijyb (D:4)
  5 adders
  5 dart slugs
  3 orcs (D:3)
  9 ball pythons
  3 endoplasms
  2 giant cockroaches
  4 goblins
  4 hobgoblins
  3 jackals (D:1)
  9 quokkas
  6 bats
  7 frilled lizards
  7 kobolds
  7 rats
77 creatures vanquished.

Notes
Turn   | Place    | Note
-------+----------+-------------------------------------------
     0 | D:1      | bande the Gargoyle Fighter began the quest for the Orb.
     0 | D:1      | Reached XP level 1. HP: 14/14 MP: 1/1
    71 | D:1      | Found a faded altar of an unknown god.
   327 | D:1      | Reached XP level 2. HP: 11/19 MP: 2/2
   805 | D:1      | Reached XP level 3. HP: 23/23 MP: 3/3
  1453 | D:2      | Reached XP level 4. HP: 11/29 MP: 4/4
  1756 | D:2      | Found a broken altar of Ashenzari.
  1861 | D:2      | Noticed Jessica
  1867 | D:2      | Killed Jessica
  2237 | D:3      | Reached XP level 5. HP: 26/33 MP: 5/5
  2918 | D:4      | Found a snail-covered altar of Cheibriados.
  2991 | D:4      | Noticed Ijyb
  3004 | D:4      | Killed Ijyb
  3036 | D:4      | Reached XP level 6. HP: 38/38 MP: 6/6
  3103 | D:4      | Reached skill level 1 in Evocations
  3148 | D:4      | Found a staircase to the Ecumenical Temple.
  3164 | Temple   | Entered the Ecumenical Temple
  3391 | Temple   | Became a worshipper of Warmaster Okawaru
  3485 | D:4      | Slain by an ogre

Illustrated notes

Levels and vault maps discovered:
D:1:      minmay_arrival_diagonal_passages, layout_basic,
          hellmonk_ecumenical_altar_zigzags, st_stairs_13, minmay_bisected
D:2:      layout_rooms, basic_altar, kennysheep_jessica_study
D:3:      layout_basic
D:4:      layout_basic, mainiacjoe_overflow_24_doors, minmay_temple_entry_mist,
          minmay_splitting_lines, uniq_ijyb
Temple:   minmay_temple_forest_path

Skill      XL: |  1  2  3  4  5  6 |
---------------+-------------------+-----
Axes           | 2 3 |  3.9
Fighting       | 4 |  4.1
Armour         | 4 |  4.3
Shields        | 4 |  4.1
Evocations     | 1 |  1.0

Action                   |  1- 3 |  4- 6 || total
-------------------------+-------+-------++-------
Melee: War axe           |   114 |   119 ||   233
Evoke: Wand              |       |     2 ||     2
  Use: Scroll            |       |     6 ||     6
Armor: Scale mail        |    95 |    44 ||   139
       Chain mail        |       |    25 ||    25
Dodge: Dodged            |    75 |    44 ||   119
Block: Buckler           |    36 |    28 ||    64

Table legend: (Time is in decaauts)
 A = Elapsed time spent in this place.
 B = Non-inter-level travel time spent in this place.
 C = Inter-level travel time spent in this place.
 D = Time resting spent in this place.
 E = Time spent auto-exploring this place.
 F = Levels seen in this place.
 G = Mean time per level.
                   A        B        C        D        E       F      G
               +--------+--------+--------+--------+--------+-----+--------+
         Total |   3571 |   3435 |    136 |    431 |   2296 |   5 |  714.2 |
       Dungeon |   3280 |   3212 |     68 |    431 |   2088 |   4 |  820.0 |
        Temple |    291 |    223 |     68 |      0 |    208 |   1 |  291.0 |
               +--------+--------+--------+--------+--------+-----+--------+

Top non-repeatable levels by time:
     D:1: 1286 daAuts
     D:2: 842 daAuts
     D:3: 799 daAuts
     D:4: 352 daAuts
  Temple: 291 daAuts
